 Dungeon Crawl Stone Soup version 0.20.0-14-g326068f (webtiles) character file.

67316 Gargoyl the Schismatic (level 14, -2/121 HPs)
             Began as a White Draconian Abyssal Knight on June 8, 2017.
             Was an Elder of Lugonu.
             Slain by an orc warrior
             ... wielding a +0 hand axe
              (21 damage)
             ... on level 1 of the Orcish Mines.
             The game lasted 01:24:32 (34226 turns).

Gargoyl the Schismatic (DrAK)                      Turns: 34226, Time: 01:24:33

Health: -2/121     AC: 19    Str: 23 (24) XL:     14   Next: 82%
Magic:  23/23      EV: 23    Int: 11 (12) God:    Lugonu [****..]
Gold:   685        SH:  6    Dex: 21      Spells: 13/13 levels left

rFire    + + .     SeeInvis .   F - +6 spear
rCold    + + .     Gourm    .   j - +0 buckler
rNeg     . . .     Faith    .   (armour unavailable)
rPois    .         Spirit   .   (helmet restricted)
rElec    .         Reflect  .   D - +2 cloak
rCorr    .         Harm     .   K - +0 pair of fencer's gloves {+Riposte Dex+3}
MR       +....     Rnd*Rage +   e - +1 pair of boots
Stlth    +++++.....             (no amulet)
Regen    0.3/turn               S - ring of Cawnunio {rF+ Str+5 Dex+4}
MPRegen  0.2/turn               G - +5 ring of protection

@: studying Slings
A: breathe frost, unfitting armour, talons 1, agile 1, berserk 1, cold
resistance 2, deterioration 1, fire resistance 1, mutation resistance 1,
cold-blooded, AC +8
a: Breathe Frost, Depart the Abyss, Bend Space, Banish, Corrupt, Renounce
Religion


You were on level 1 of the Orcish Mines.
You worshipped Lugonu.
Lugonu was greatly pleased with you.
You were not hungry.

You visited 3 branches of the dungeon, and saw 20 of its levels.
You visited the Abyss 1 time.
You also visited: Ossuary and Ice Cave.

You collected 1605 gold pieces.
You spent 920 gold pieces at shops.

Inventory:

Hand Weapons
 a - a +1 hand axe
 w - a +0 vampiric hand axe
 F - a +6 spear (weapon)
 R - a +2 spear of freezing
Missiles
 I - 7 javelins (quivered)
Armour
 e - a +1 pair of boots (worn)
 j - a +0 buckler (worn)
 D - a +2 cloak (worn)
 K - the +0 pair of fencer's gloves (worn) {+Riposte Dex+3}
   (You bought it in a shop on level 9 of the Dungeon)

   It affects your dexterity (+3).
Jewellery
 h - a +3 ring of evasion
 k - an uncursed ring of protection from cold
 r - an uncursed ring of fire
 B - an uncursed ring of resist corrosion
 G - a +5 ring of protection (right hand)
 S - the ring of Cawnunio (left hand) {rF+ Str+5 Dex+4}
   (You found it in an ice cave)

   [ring of protection from fire]

   It affects your strength (+5).
   It affects your dexterity (+4).
   It protects you from fire.
Wands
 m - a wand of iceblast (6/15)
 p - a wand of polymorph (12/24)
 q - a wand of confusion (11/48)
 t - a wand of iceblast (15/15)
 u - a wand of random effects (24/48)
 J - a wand of flame (23/48)
 P - a wand of lightning (8/15)
 Q - a wand of confusion (13/48)
 U - a wand of iceblast (9/15)
Scrolls
 f - 2 scrolls of teleportation
 n - 7 scrolls of identify
 y - 7 scrolls of fog
 z - 3 scrolls of remove curse
 C - a scroll of vulnerability {unknown}
 E - a scroll of brand weapon {unknown}
 H - 2 scrolls of recharging
 L - a scroll of blinking {unknown}
Potions
 c - 6 potions of lignification
 g - a potion of might
 i - 3 potions of curing
 l - 5 potions of agility
 o - 2 potions of invisibility
 s - 4 potions of flight
 x - 2 potions of brilliance
 N - 2 potions of resistance
Books
 v - a book of Conjurations

   Spells                             Type                      Level
   a - Magic Dart                     Conjuration                  1
   b - Searing Ray                    Conjuration                  2
   c - Dazzling Spray                 Conjuration/Hexes            3
   d - Fulminant Prism                Conjuration/Hexes            4
   e - Force Lance                    Conjuration/Translocation    4
   f - Iskenderun's Mystic Blast      Conjuration                  4
 A - a manual of Slings
 W - a book of Cantrips

   Spells                             Type                      Level
   a - Confusing Touch                Hexes                        1
   b - Animate Skeleton               Necromancy                   1
   c - Summon Small Mammal            Summoning                    1
   d - Apportation                    Translocation                1
 X - a book of Frost

   Spells                             Type                      Level
   a - Freeze                         Ice                          1
   b - Throw Frost                    Conjuration/Ice              2
   c - Ozocubu's Armour               Charms/Ice                   3
   d - Throw Icicle                   Conjuration/Ice              4
   e - Summon Ice Beast               Ice/Summoning                4
Comestibles
 b - 5 bread rations
 d - 15 meat rations
 M - a royal jelly
 O - 9 fruits


   Skills:
 + Level 10.2 Fighting
 + Level 9.2(11.2) Axes
 + Level 10.5(11.8) Polearms
 + Level 1.0 Throwing
 * Level 12.3 Dodging
 * Level 10.5 Stealth
 + Level 6.1 Shields
 * Level 12.3 Invocations
 + Level 0.2 Evocations


You had 13 spell levels left.
You didn't know any spells.

Dungeon Overview and Level Annotations

Branches:
Dungeon (12/15)            Temple (0/1) D:7            Lair (6/6) D:11
 Shoals (0/4) Lair:3        Snake (0/4) Lair:4        Slime (0/5) Lair:6
    Orc (2/2) D:12
    Elf: Orc:2

Altars:
Trog

Shops:
D:6 %   D:9 [?   D:10 }   Orc:1 [   Orc:2 *(

Annotations:
Lair:2 exclusion: oklob plant
Lair:4 corrupted


Innate Abilities, Weirdness & Mutations

You can breathe waves of freezing cold.
You can buffet flying creatures when you breathe cold.
Your icy white scales are hard. (AC +8)
You cannot fit into any form of body armour.
Your flesh is very cold resistant. (rC++)
You are cold-blooded and may be slowed by cold attacks.
You have sharp toenails.
You are agile. (Dex +2)
You tend to lose your temper in combat.
Your body sometimes deteriorates upon taking damage.
Your flesh is heat resistant. (rF+)
You are somewhat resistant to further mutation.


Message History

The orc warrior misses you.
You hit the orc warrior.
You tail-slap the orc warrior, but do no damage.
The orc warrior is almost dead.
You are confused.
You feel invigorated.
The orc warrior hits you with a hand axe.
* * * LOW HITPOINT WARNING * * *
You bump into the rock wall.
The orc warrior barely misses you.
You hit the orc warrior but do no damage.
The orc warrior is almost dead.
You bump into the rock wall.
The orc warrior hits you with a hand axe!!
* * * LOW HITPOINT WARNING * * *
You bump into the rock wall.
You feel less invigorated.
You feel less confused. The orc warrior misses you.
You feel better.
The orc warrior hits you with a hand axe!!
You die...

### ##### ####.## #@#.#
#.....# ###oo## ###...∩.##
#.....###
#........#######......#
........#.##.#......)>#
..........##.........[####
.....#.....##....#.....#.##
.....#.#.........##.......##
....#####).....#####.......#


You could see 2 orc warriors.

Vanquished Creatures
  Rupert (Lair:6)
  Snorg (D:10)
  The ghost of Zigma the Brawler, a journeyman DrMo of Makhleb (IceCv)
  The ghost of rexbael the Blocker, a journeyman GrEE of Kikubaaqudgha (Lair:3)
  Harold (D:12)
  4 hydras
  2 two-headed ogres
  A deep troll shaman (Lair:6)
  5 death yaks (Lair:6)
  Urug (Lair:2)
  An orc high priest (Orc:1)
  The ghost of soberaf the Fighter, a novice TeIE of Kikubaaqudgha (Lair:1)
  3 skeletal warriors
  Pikel (D:7)
  2 orc knights (Orc:1)
  2 ugly things
  2 orc sorcerers
  18 elephants
  A merfolk siren (Lair:3)
  Joseph (D:10)
  4 black mambas
  Maurice (D:9)
  Psyche (D:8)
  3 ice statues (IceCv)
  8 komodo dragons
  7 rime drakes
  2 ice devils (Lair:5)
  12 spiny frogs
  2 trolls
  A hornet (D:11)
  Grinder (D:5)
  5 polar bears
  3 merfolk (Lair:3)
  24 blink frogs
  8 hippogriffs
  3 wraiths (D:10)
  2 wyverns
  13 yaks
  A steam dragon (D:12)
  A hungry ghost (D:11)
  3 basilisks
  4 wargs (D:12)
  8 water moccasins
  9 porcupines
  14 orc warriors
  13 ice beasts
  5 sky beasts
  3 phantoms
  20 ogres
  3 black bears
  2 eyes of draining
  13 wolves
  5 centaurs
  15 crocodiles
  A big kobold (D:10)
  17 bullfrogs
  A wyvern zombie (D:10)
  A water moccasin zombie (Ossuary)
  A wyvern skeleton (D:9)
  3 scorpions
  8 killer bees
  3 wights
  3 howler monkeys
  6 crimson imps
  5 bullfrog zombies
  3 centaur zombies
  6 jellies
  5 hounds
  2 human skeletons (D:6)
  8 orc priests
  4 centaur skeletons
  A bullfrog skeleton (D:11)
  6 worker ants
  Terence (D:2)
  4 iguanas
  Ijyb (D:2)
  Natasha (twice) (D:2)
  15 orc wizards
  2 big kobold zombies (Ossuary)
  A hound zombie (D:11)
  A hound skeleton (D:7)
  2 mummies (Ossuary)
  2 worker ant zombies
  7 gnolls
  14 adders
  4 shadow imps
  2 ufetubi (Abyss:1)
  An ooze (D:1)
  4 adder zombies (Ossuary)
  A worm (D:2)
  A dart slug (D:1)
  8 leopard geckos
  62 orcs
  5 bats
  12 giant cockroaches
  17 goblins
  8 hobgoblins
  4 jackals (D:7)
  5 kobolds
  4 quokkas
  2 frilled lizards
  2 gnoll zombies (Ossuary)
  6 hobgoblin zombies (Ossuary)
  A jackal skeleton (D:8)
  4 kobold zombies (Ossuary)
  2 orc skeletons (D:6)
  4 orc zombies
  4 rats
  A butterfly (Lair:3)
569 creatures vanquished.

Vanquished Creatures (others)
  A dire elephant (Lair:6)
  6 hydras
  A catoblepas (Lair:6)
  An unseen horror (D:10)
  An ugly thing (IceCv)
  The ghost of Dragoran the Covert, a novice SpEn of Dithmenos (D:7)
  A black mamba (Lair:4)
  A blink frog (Lair:4)
  2 nagas (Lair:4)
  2 water moccasins (Lair:6)
  A sky beast (D:7)
  A slave (D:8)
  A bullfrog (D:8)
  An orc wizard (D:8)
  2 worms (D:4)
  2 bushes (Lair:6)
  19 fungi
  20 plants
  4 starspawn tentacles (Lair:4)
68 creatures vanquished.

Grand Total: 637 creatures vanquished

Notes
Turn   | Place    | Note
-------+----------+-------------------------------------------
     0 | Abyss:1  | Gargoyl the Draconian Abyssal Knight began the quest for the Orb.
     0 | Abyss:1  | Reached XP level 1. HP: 19/19 MP: 2/2
     0 | Abyss:1  | Found a corrupted altar of Lugonu.
     5 | Abyss:1  | Noticed an eye of draining
    19 | Abyss:1  | Killed an eye of draining
    19 | Abyss:1  | Reached XP level 2. HP: 28/28 MP: 0/3
    19 | Abyss:1  | Reached XP level 3. HP: 34/34 MP: 0/4
    19 | Abyss:1  | Reached XP level 4. HP: 41/41 MP: 0/5
    85 | Abyss:1  | Noticed a thrashing horror
   114 | Abyss:1  | Noticed a wretched star
   114 | D:1      | Escaped the Abyss
   564 | D:1      | Reached skill level 5 in Fighting
   589 | D:1      | Reached * piety under Lugonu
  1144 | D:2      | Noticed Natasha
  1157 | D:2      | Killed Natasha
  1157 | D:2      | Reached XP level 5. HP: 27/48 MP: 6/6
  1319 | D:2      | Noticed Terence
  1343 | D:2      | Killed Terence
  1590 | D:2      | Reached skill level 1 in Stealth
  1872 | D:2      | Noticed Ijyb
  1900 | D:2      | Killed Ijyb
  2117 | D:2      | Noticed Natasha
  2124 | D:2      | Killed Natasha
  2237 | D:3      | Reached ** piety under Lugonu
  2242 | D:3      | Reached XP level 6. HP: 56/56 MP: 8/8
  3298 | D:4      | Your scales start taking on an icy white colour.
  3298 | D:4      | Reached XP level 7. HP: 61/61 MP: 9/9
  3298 | D:4      | Gained mutation: Your flesh is cold resistant. (rC+) [White Draconian growth]
  3883 | D:5      | Entered Level 5 of the Dungeon
  3896 | D:5      | Noticed Grinder
  3921 | D:5      | Killed Grinder
  3921 | D:5      | Reached skill level 5 in Axes
  4326 | D:5      | Reached XP level 8. HP: 54/70 MP: 11/11
  4478 | D:5      | Gained mutation: Your flesh is very cold resistant. (rC++) [mutagenic meat]
  4479 | D:5      | Gained mutation: Your flesh is heat resistant. (rF+) [mutagenic meat]
  4481 | D:5      | Gained mutation: You tend to lose your temper in combat. [mutagenic meat]
  4482 | D:5      | Gained mutation: You occasionally shout uncontrollably at your foes. [mutagenic meat]
  4906 | D:5      | Reached *** piety under Lugonu
  4914 | D:5      | Reached skill level 5 in Dodging
  4978 | D:5      | Reached skill level 1 in Shields
  5404 | D:6      | Reached skill level 5 in Invocations
  5535 | D:6      | Found a sand-covered staircase.
  5540 | Ossuary  | Entered an ossuary
  6269 | D:6      | Reached XP level 9. HP: 71/78 MP: 12/12
  6538 | D:6      | Reached **** piety under Lugonu
  7570 | D:6      | Found Riduas's Food Shop.
  7773 | D:7      | Found a staircase to the Ecumenical Temple.
  8454 | D:7      | Got a crude shield
  8521 | D:7      | Noticed Dragoran's ghost (novice SpEn)
  8536 | D:7      | Banished Dragoran's ghost
  8648 | D:7      | Identified the cursed +0 shield "Batuss" {rF- rN+++ rCorr Str-4} (You found it on level 7 of the Dungeon)
  9076 | D:7      | Reached XP level 10. HP: 82/86 MP: 14/14
  9448 | D:8      | Noticed Maurice
  9467 | D:9      | Killed Maurice
  9467 | D:9      | Reached skill level 5 in Stealth
 10341 | D:8      | Noticed Psyche
 10361 | D:8      | Killed Psyche
 10369 | D:8      | Noticed Pikel
 10427 | D:7      | Killed Pikel
 10877 | D:8      | Noticed a white ugly thing
 11586 | D:8      | Banished a white ugly thing
 12607 | D:9      | Reached ***** piety under Lugonu
 13055 | D:9      | Reached skill level 1 in Polearms
 13055 | D:9      | Reached XP level 11. HP: 93/93 MP: 16/16
 13112 | D:9      | Found Wompol's Armour Shoppe.
 13333 | D:9      | Bought the +0 pair of fencer's gloves {+Riposte Dex+3} for 560 gold pieces
 13540 | D:9      | Found Ucrasi's Magic Scroll Shop.
 13604 | D:9      | Gained mutation: You are agile. (Dex +2) [mutagenic meat]
 13606 | D:9      | Lost mutation: You occasionally shout uncontrollably at your foes. [mutagenic meat]
 13607 | D:9      | Gained mutation: You are somewhat resistant to further mutation. [mutagenic meat]
 13818 | D:10     | Entered Level 10 of the Dungeon
 14022 | D:10     | Noticed Joseph
 14059 | D:10     | Killed Joseph
 14212 | D:10     | Banished an unseen horror
 14488 | D:10     | Noticed Snorg
 14505 | D:10     | Killed Snorg
 14711 | D:10     | Found Vegulef's Gadget Shop.
 15686 | D:11     | Paralysed by a hornet for 1 turns
 15948 | D:11     | Gained mutation: You have sharp toenails. [mutagenic meat]
 16030 | D:11     | Noticed a skeletal warrior
 16066 | D:11     | Killed a skeletal warrior
 16089 | D:11     | Noticed a skeletal warrior
 16286 | D:11     | Noticed a seven-headed hydra
 16288 | D:11     | Noticed a skeletal warrior
 16290 | D:11     | Banished a seven-headed hydra
 16550 | D:11     | Killed a skeletal warrior
 16550 | D:11     | Reached skill level 5 in Polearms
 17385 | D:10     | Killed a skeletal warrior
 17586 | D:10     | Gained mutation: Your body sometimes deteriorates upon taking damage. [mutagenic meat]
 17674 | D:11     | Found a staircase to the Lair.
 17689 | D:11     | Noticed a brown ugly thing
 17709 | Lair:1   | Entered Level 1 of the Lair of Beasts
 17976 | Lair:1   | Reached XP level 12. HP: 103/103 MP: 18/18
 18174 | Lair:1   | Noticed a five-headed hydra
 18179 | Lair:1   | Banished a five-headed hydra
 18367 | Lair:1   | Noticed soberaf's ghost (novice TeIE)
 19284 | Lair:1   | Noticed a four-headed hydra
 19292 | Lair:1   | Killed a four-headed hydra
 19354 | Lair:1   | Killed soberaf's ghost
 19354 | Lair:1   | Reached skill level 10 in Invocations
 19641 | Lair:2   | Noticed a four-headed hydra
 19655 | Lair:2   | Killed a four-headed hydra
 19655 | Lair:2   | Reached skill level 10 in Dodging
 19964 | Lair:2   | Noticed Urug
 19992 | Lair:2   | Killed Urug
 20482 | Lair:2   | Noticed a seven-headed hydra
 20491 | Lair:2   | Banished a seven-headed hydra
 21966 | Lair:3   | Noticed a seven-headed hydra
 21985 | Lair:2   | Banished a seven-headed hydra
 22000 | Lair:2   | Reached XP level 13. HP: 109/110 MP: 16/20
 22600 | Lair:3   | Noticed rexbael's ghost (journeyman GrEE)
 22850 | Lair:3   | Found a staircase to the Shoals.
 23392 | Lair:3   | Killed rexbael's ghost
 23392 | Lair:3   | Reached skill level 5 in Shields
 23540 | Lair:4   | Corrupted Lair:4
 23540 | Lair:4   | Noticed a quicksilver dragon
 23540 | Lair:4   | Noticed a tentacled starspawn
 23542 | Lair:4   | Noticed an Executioner
 23545 | Lair:4   | Noticed a tentacled starspawn
 24068 | Lair:4   | Found a staircase to the Snake Pit.
 24834 | Lair:5   | Found a frozen archway.
 24858 | IceCv    | Entered an ice cave
 24886 | IceCv    | Noticed Zigma's ghost (journeyman DrMo)
 24925 | IceCv    | Killed Zigma's ghost
 25549 | IceCv    | Got a crude lapis lazuli ring
 25559 | IceCv    | Identified the ring of Cawnunio {rF+ Str+5 Dex+4} (You found it in an ice cave)
 26637 | Lair:5   | You fall through a shaft!
 26637 | Lair:6   | Entered Level 6 of the Lair of Beasts
 27498 | Lair:6   | Reached XP level 14. HP: 81/118 MP: 22/22
 28084 | Lair:6   | HP: 2/118 [elephant (8)]
 29117 | Lair:6   | Noticed Rupert
 29153 | Lair:6   | Killed Rupert
 29153 | Lair:6   | Reached skill level 10 in Stealth
 29600 | Lair:6   | Found a staircase to the Slime Pits.
 29807 | Lair:5   | HP: 3/119 [yak (13)]
 30465 | Lair:6   | Reached skill level 1 in Throwing
 30855 | Lair:6   | Reached skill level 10 in Fighting
 31389 | Lair:6   | Reached skill level 10 in Polearms
 32082 | D:9      | Bought a scroll of enchant armour for 120 gold pieces
 32082 | D:9      | Bought a scroll of enchant armour for 120 gold pieces
 32082 | D:9      | Bought a scroll of enchant armour for 120 gold pieces
 32568 | D:12     | Found a bloodstained altar of Trog.
 32730 | D:12     | Found a staircase to the Orcish Mines.
 32748 | D:12     | Noticed Harold
 32763 | D:12     | Killed Harold
 33259 | Orc:1    | Entered Level 1 of the Orcish Mines
 33417 | D:12     | Paralysed by an orc sorcerer for 7 turns
 33524 | Orc:1    | Found Reer Ene's Armour Emporium.
 34001 | Orc:2    | Entered Level 2 of the Orcish Mines
 34001 | Orc:2    | Found Jaloefie's Antique Weapon Boutique.
 34001 | Orc:2    | Found Guashrih's General Store.
 34224 | Orc:1    | HP: 6/121 [orc warrior/hand axe (19)]
 34226 | Orc:1    | Slain by an orc warrior

Skill      XL: |  1  2  3  4  5  6  7  8  9 10 11 12 13 14 |
---------------+-------------------------------------------+-----
Fighting       | 4 5 6 7 8 9 10 | 10.2
Axes           | 3 4 5 6 8 9 |  9.2
Stealth        | 1 2 3 4 6 7 8 9 10 | 10.5
Dodging        | 3 4 5 6 8 9 10 11 12 | 12.3
Invocations    | 3 4 5 6 7 9 10 11 12 | 12.3
Shields        | 1 3 4 5 6 |  6.1
Polearms       | 1 5 7 9 10 | 10.5
Throwing       | 1 |  1.0
Evocations     | |  0.2

Action                   |  1- 3 |  4- 6 |  7- 9 | 10-12 | 13-15 || total
-------------------------+-------+-------+-------+-------+-------++-------
Melee: Hand axe          |    12 |   219 |   649 |   311 |       ||  1191
       Tailslap          |     2 |    24 |    90 |   237 |   463 ||   816
       Spear             |       |       |       |   956 |  1530 ||  2486
Throw: Javelin           |       |       |       |       |    23 ||    23
Invok: Depart the Abyss  |       |     1 |       |       |       ||     1
       Bend Space        |       |       |     1 |     3 |     5 ||     9
       Banish            |       |       |     2 |    12 |    10 ||    24
       Corrupt           |       |       |       |       |     1 ||     1
 Abil: Breathe Frost     |       |       |    32 |    58 |    47 ||   137
Evoke: Wand              |       |     5 |     1 |       |       ||     6
  Use: Scroll            |       |     7 |    11 |    15 |     9 ||    42
       Potion            |       |       |     4 |     9 |    13 ||    26
 Stab: Distracted        |     1 |       |       |     1 |     2 ||     4
       Sleeping          |       |     2 |     7 |    12 |    11 ||    32
       Invisible         |       |       |     1 |       |    14 ||    15
  Eat: Chunk             |       |     8 |    23 |    42 |    34 ||   107
       Fruit             |       |       |     2 |     4 |    10 ||    16
       Bread ration      |       |       |     2 |     5 |     1 ||     8
       Royal jelly       |       |       |     1 |     1 |       ||     2
       Meat ration       |       |       |       |       |     1 ||     1
Armor: Skin              |       |    54 |   197 |   307 |   258 ||   816
Dodge: Dodged            |       |   150 |   390 |   849 |  1007 ||  2396
Block: Buckler           |       |     6 |    79 |   158 |   313 ||   556
       Shield            |       |       |    28 |   200 |       ||   228
       Rpst.: Spear      |       |       |       |   145 |   250 ||   395
